 Dungeon Crawl Stone Soup version 0.22-a0-542-gce4f928 (webtiles) character file.

2410 Hebeh the Cleaver (level 9, 0/79 HPs)
             Began as a Minotaur Fighter on June 24, 2018.
             Was a Follower of Trog.
             Slain by a killer bee (1 damage)
             ... on level 7 of the Dungeon.
             The game lasted 00:18:50 (5369 turns).

Hebeh the Cleaver (Minotaur Fighter)                Turns: 5369, Time: 00:18:51

Health: 0/79       AC: 10    Str: 24    XL:     9   Next: 23%
Magic:  10/10      EV:  8    Int:  5    God:    Trog [*.....]
Gold:   392        SH: 10    Dex: 10    Spells: 8/8 levels left

rFire    . . .     SeeInvis +   a - +2 war axe
rCold    . . .     Gourm    .   c - +0 shield
rNeg     . . .     Faith    .   m - +0 scale mail
rPois    .         Spirit   .   (helmet restricted)
rElec    .         Reflect  .   h - +0 cloak
rCorr    .         Harm     .   q - +0 pair of gloves
MR       .....                  (no boots)
Stlth    ..........             (no amulet)
HPRegen  0.23/turn              o - ring of see invisible
MPRegen  0.12/turn              (no ring)

@: lethally poisoned (0 -> -9), drained
A: retaliatory headbutt, horns 2
a: Berserk, Renounce Religion


You were on level 7 of the Dungeon.
You worshipped Trog.
Trog was aware of your devotion.
You were not hungry.

You visited 1 branch of the dungeon, and saw 7 of its levels.
You also visited: Ossuary.

You collected 392 gold pieces.

Inventory:

Hand Weapons
 a - a +2 war axe (weapon)
 b - a +2 whip of draining
Missiles
 i - 3 javelins (quivered)
Armour
 c - a +0 shield (worn)
 h - a +0 cloak (worn)
 m - a +0 scale mail (worn)
 q - a +0 pair of gloves (worn)
Jewellery
 o - a ring of see invisible (left hand)
 E - a +1 ring of slaying {unknown}
Wands
 u - a wand of flame (22)
 v - a wand of disintegration (12)
Scrolls
 e - 10 scrolls of identify
 g - 3 scrolls of blinking
 j - 4 scrolls of teleportation
 s - 3 scrolls of remove curse
 y - a scroll of torment {unknown}
 B - a scroll of fear
 D - a scroll of enchant armour {unknown}
Potions
 d - 2 potions of might
 k - 2 potions of mutation {unknown}
 l - 5 potions of curing
 n - a potion of flight {unknown}
 p - 3 potions of magic {unknown}
 r - a potion of invisibility {unknown}
 t - 3 potions of haste {unknown}
 w - 4 potions of heal wounds {unknown}
 x - a potion of cancellation {unknown}
 z - 3 potions of brilliance {unknown}
 A - 2 potions of ambrosia {unknown}
Comestibles
 f - 17 rations


   Skills:
 + Level 7.2(6.5) Fighting
 * Level 9.2(8.5) Axes
 + Level 7.1(6.4) Armour
 + Level 7.1(6.5) Shields
 + Level 3.8(3.2) Evocations


You had 8 spell levels left.
You didn't know any spells.
Your spell library was empty.

Dungeon Overview and Level Annotations

Branches:
Dungeon (7/15)             Temple (0/1) D:5

Altars:
Fedhas
Kikubaaqudgha
Nemelex Xobeh
Okawaru
Sif Muna
Trog
Uskayaw
Yredelemnul
Zin

Shops:
D:4 *


Innate Abilities, Weirdness & Mutations

You reflexively headbutt those who attack you in melee.
You have a pair of horns on your head.


Message History

You block the killer bee's attack.
The killer bee stings you but does no damage.
The killer bee stings you!
* * * LOW HITPOINT WARNING * * *
You are lethally poisoned!
The killer bee poisons you! You block the killer bee's attack.
You slash the killer bee! Your headbutt misses the killer bee.
The killer bee is heavily wounded.
You hit the killer bee but do no damage.
* * * LOW HITPOINT WARNING * * *
You feel sick.
The killer bee stings you but does no damage.
You block the killer bee's attack.
The killer bee stings you but does no damage. x2
You closely miss the killer bee. Your headbutt misses the killer bee.
The killer bee is heavily wounded.
You closely miss the killer bee.
* * * LOW HITPOINT WARNING * * *
You feel sick. The killer bee stings you.
You die...

# #.# #. #.#
. .. #.#
...#.#####.#
.........<.#
.#.#[...###
.....y..#.y.#
.>..######y##
... #y@# .
##.# #..#
####


You could see 3 killer bees.

Vanquished Creatures
  The ghost of junkhipster the Cudgeler, an amateur GrFi of Okawaru (D:5)
  A spriggan (D:7)
  Menkaure (Ossuary)
  Edmund (D:4)
  An orc warrior (D:6)
  A sky beast (D:3)
  4 phantoms
  An ogre (D:5)
  An elf zombie (D:4)
  A scorpion (D:5)
  4 killer bees (D:7)
  A howler monkey (D:6)
  3 crimson imps
  A centaur zombie (D:5)
  2 hounds (D:6)
  A human zombie (D:4)
  A gnoll shaman (D:4)
  An orc priest (D:6)
  A centaur skeleton (D:4)
  A jelly (D:5)
  An orc wizard (D:6)
  5 iguanas
  6 worker ants
  A hound zombie (D:5)
  2 hound skeletons
  2 mummies (Ossuary)
  A worker ant zombie (D:5)
  7 gnolls
  4 adders
  A shadow imp (D:5)
  A white imp (D:4)
  4 oozes
  An adder skeleton (D:6)
  3 worms (D:2)
  3 dart slugs
  8 leopard geckos
  6 orcs
  8 bats
  3 giant cockroaches
  3 goblins
  10 hobgoblins
  3 jackals (D:2)
  A quokka (D:5)
  3 frilled lizards
  A giant cockroach zombie (D:5)
  2 gnoll skeletons (Ossuary)
  4 gnoll zombies (Ossuary)
  A goblin skeleton (Ossuary)
  3 goblin zombies (Ossuary)
  2 hobgoblin zombies (Ossuary)
  A jackal skeleton (D:2)
  6 kobolds
  3 kobold skeletons (Ossuary)
  A leopard gecko zombie (D:5)
  6 orc skeletons
  3 orc zombies
  A quokka skeleton (D:6)
  2 quokka zombies
  3 rats (D:1)
  A rat skeleton (Ossuary)
  5 rat zombies (Ossuary)
161 creatures vanquished.

Vanquished Creatures (others)
  A mummy (Ossuary)
  A gnoll zombie (Ossuary)
  2 gnoll skeletons (Ossuary)
  2 goblin skeletons (Ossuary)
  3 goblin zombies (Ossuary)
  2 hobgoblin skeletons (Ossuary)
  A hobgoblin zombie (Ossuary)
  2 kobold skeletons (Ossuary)
  4 orc skeletons (Ossuary)
  2 orc zombies (Ossuary)
  3 rat skeletons (Ossuary)
  2 rat zombies (Ossuary)
  A plant (D:5)
26 creatures vanquished.

Grand Total: 187 creatures vanquished

Notes
Turn   | Place    | Note
-------+----------+-------------------------------------------
     0 | D:1      | Hebeh the Minotaur Fighter began the quest for the Orb.
     0 | D:1      | Reached XP level 1. HP: 19/19 MP: 0/0
    98 | D:1      | Reached XP level 2. HP: 25/27 MP: 1/1
   138 | D:1      | Reached skill level 3 in Axes
   410 | D:1      | Reached XP level 3. HP: 33/33 MP: 2/2
   998 | D:2      | Noticed a hand axe
  1000 | D:2      | Reached XP level 4. HP: 27/40 MP: 3/3
  1003 | D:2      | Noticed a hand axe
  1007 | D:2      | Found a hide-covered altar of Uskayaw.
  1174 | D:2      | Reached skill level 4 in Axes
  1199 | D:2      | Found a sparkling altar of Nemelex Xobeh.
  1200 | D:2      | Found an iron altar of Okawaru.
  1417 | D:2      | Found a blossoming altar of Fedhas.
  1578 | D:3      | Noticed a sky beast
  1593 | D:3      | Killed a sky beast
  1593 | D:3      | Reached XP level 5. HP: 35/47 MP: 4/4
  1656 | D:3      | Reached skill level 5 in Axes
  2261 | D:4      | Reached XP level 6. HP: 54/55 MP: 5/5
  2275 | D:4      | Reached skill level 5 in Fighting
  2277 | D:4      | Reached skill level 5 in Shields
  2357 | D:4      | Reached skill level 5 in Armour
  2502 | D:4      | Reached skill level 1 in Evocations
  2505 | D:4      | Found a sand-covered staircase.
  2595 | Ossuary  | Entered an ossuary
  2603 | Ossuary  | Reached XP level 7. HP: 52/61 MP: 6/6
  2795 | Ossuary  | Reached skill level 6 in Axes
  2833 | Ossuary  | Noticed Menkaure
  2839 | Ossuary  | Killed Menkaure
  2976 | D:4      | Found Sige's Assorted Antiques.
  3020 | D:4      | Found a basalt altar of Yredelemnul.
  3021 | D:4      | Found a deep blue altar of Sif Muna.
  3068 | D:4      | Noticed Edmund
  3081 | D:4      | Killed Edmund
  3262 | D:5      | Entered Level 5 of the Dungeon
  3290 | D:5      | Found a bloodstained altar of Trog.
  3296 | D:5      | Became a worshipper of Trog the Wrathful
  3349 | D:5      | Reached skill level 7 in Axes
  3378 | D:5      | Reached XP level 8. HP: 65/70 MP: 8/8
  3468 | D:5      | Found a glowing silver altar of Zin.
  3497 | D:5      | Found a staircase to the Ecumenical Temple.
  3654 | D:5      | Found an ancient bone altar of Kikubaaqudgha.
  3846 | D:5      | Found a runed gate.
  3846 | D:5      | Found a runed gate.
  3846 | D:5      | Found a runed gate.
  3848 | D:5      | Noticed junkhipster's ghost (amateur GrFi)
  3985 | D:5      | Killed junkhipster's ghost
  3985 | D:5      | Reached skill level 8 in Axes
  4399 | D:6      | Reached * piety under Trog
  5054 | D:6      | Reached XP level 9. HP: 52/78 MP: 10/10
  5334 | D:7      | Reached skill level 9 in Axes
  5368 | D:7      | HP: 3/79 [poisoned by a killer bee]
  5369 | D:7      | HP: 1/79 [poisoned by a killer bee]
  5369 | D:7      | Slain by a killer bee

Vault maps used:
D:1:      roderic_crossed_star
D:2:      dancing_weapons_uskayaw, lemuel_round_altar,
          chequers_temple_overflow_statue_of_worship, first_ration,
          bh_walls_and_bars
D:4:      gammafunk_temple_overflow_pools, nicolae_ossuary_entry_catacombs,
          serial_shops, nicolae_shop_stone, minmay_fire_ice_demons, uniq_edmund
D:5:      zin_treasury, bloody_trog, kennysheep_mini, minmay_temple_entry_trees,
          gammafunk_ghost_necromancy, serial_bayou, serial_bayou_ford_a,
          serial_bayou_pond_e, serial_bayou_shore_a, serial_bayou_shore_b
D:6:      st_stairs_9
D:7:      nicolae_tso_carved_into_rock, serial_co_window_serial,
          co_window_paths_b, co_window_paths_a, co_window_corner_a,
          co_window_of_opportunity_a, co_window_cross_1, co_window_paths_b,
          co_window_paths_a, co_window_2corner, co_window_corner_ca,
          co_window_broadway_b, co_window_broadway_c, co_window_unsneaky_path_b,
          the_bakery
Ossuary:  ossuary_due_pyramid

Skill      XL: |  1  2  3  4  5  6  7  8  9 |
---------------+----------------------------+-----
Axes           | 3 4 5 7 8 9 |  9.2
Armour         | 4 5 6 7 |  7.1
Fighting       | 4 5 6 7 |  7.2
Shields        | 4 5 6 7 |  7.1
Evocations     | 1 2 3 |  3.8

Action                   |  1- 3 |  4- 6 |  7- 9 || total
-------------------------+-------+-------+-------++-------
Melee: War axe           |    20 |       |   213 ||   233
       Headbutt          |     8 |    33 |    66 ||   107
       Whip              |    66 |   141 |    82 ||   289
  Use: Scroll            |       |     7 |     3 ||    10
  Eat: Chunk             |       |     6 |     6 ||    12
       Ration            |       |       |     1 ||     1
Armor: Scale mail        |    33 |    50 |   105 ||   188
Dodge: Dodged            |    24 |    24 |    68 ||   116
Block: Shield            |    38 |    47 |   136 ||   221

Table legend:
 A = Spawn XP
 B = Non-spawn XP
 C = Spawn XP percentage of total XP
 D = Spawn monster count
 E = Non-spawn monster count
 F = Spawn count percentage of total count
 G = Total turns spent on level
                    A         B        C        D         E        F      G
               +---------+---------+-------+---------+---------+-------+---------
         Total |       0 |    3443 |   0.0 |       0 |     158 |   0.0 |  5369
               +---------+---------+-------+---------+---------+-------+---------
           D:1 |       0 |      57 |   0.0 |       0 |      24 |   0.0 |   873
           D:2 |       0 |     104 |   0.0 |       0 |      24 |   0.0 |   674
           D:3 |       0 |     202 |   0.0 |       0 |      10 |   0.0 |   695
           D:4 |       0 |     833 |   0.0 |       0 |      27 |   0.0 |   742
           D:5 |       0 |     938 |   0.0 |       0 |      21 |   0.0 |  1119
           D:6 |       0 |     724 |   0.0 |       0 |      21 |   0.0 |   927
           D:7 |       0 |     459 |   0.0 |       0 |       5 |   0.0 |    61
       Ossuary |       0 |     126 |   0.0 |       0 |      26 |   0.0 |   278
               +---------+---------+-------+---------+---------+-------+---------
